 Dungeon Crawl Stone Soup version 0.29-a0-1023-g6ae1a4a2c7 (webtiles) character file.

Game seed: 17633147609281455365

327 nicolae the Insei (level 6, -2/46 HPs)
             Began as a Demigod Transmuter on Aug 11, 2022.
             Slain by an ufetubus (4 damage)
             ... on level 1 of the Abyss.
             The game lasted 00:06:58 (5340 turns).

nicolae the Insei (Demigod Transmuter)              Turns: 5340, Time: 00:06:59

Health: -2/46      AC:  8    Str: 11    XL:     6   Next: 3%
Magic:  11/11      EV: 12    Int: 23    God:
Gold:   169        SH:  0    Dex: 14    Spells: 2/8 levels left

rFire   + . .      SeeInvis .     - Unarmed
rCold   . . .      Faith    .   (no shield)
rNeg    . . .      Spirit   .   a - +0 robe
rPois   .          Reflect  .   q - +2 helmet
rElec   .          Harm     .   (no cloak)
rCorr   .          Rampage  .   (no gloves)
Will    .....                   s - +2 pair of boots
Stlth   +.........              (no amulet)
HPRegen 0.15/turn               f - ring of protection from fire
MPRegen 0.12/turn               (no ring)

@: no status effects
A: high MP 1, forlorn, divine attributes
a: no special abilities


You were on level 1 of the Abyss.
You visited 1 branch of the dungeon, and saw 4 of its levels.
You visited the Abyss 1 time.

You collected 169 gold pieces.

Inventory:

Missiles
 d - 2 javelins
Armour
 a - a +0 robe (worn)
 q - a +2 helmet (worn)
 s - a +2 pair of boots (worn)
Jewellery
 f - a ring of protection from fire (left hand)
Wands
 n - a wand of digging (6)
Scrolls
 c - a scroll of fear {unknown}
 g - a scroll of enchant armour {unknown}
 h - 3 scrolls of teleportation
 j - a scroll of summoning {unknown}
 l - a scroll of torment {unknown}
 o - a scroll of poison {unknown}
 r - a scroll of immolation {unknown}
 t - 2 scrolls of fog {unknown}
 u - a scroll of noise {unknown}
Potions
 b - a potion of lignification
 e - a potion of invisibility {unknown}
 i - a potion of haste {unknown}
 m - a potion of curing
 p - a potion of attraction {unknown}


   Skills:
 - Level 0.8 Fighting
 - Level 1.7 Dodging
 + Level 4.9 Unarmed Combat
 - Level 1.7 Spellcasting
 + Level 4.4 Transmutations
 + Level 0.1 Poison Magic


You had 2 spell levels left.
You knew the following spells:

 Your Spells              Type           Power      Damage    Failure   Level
a - Beastly Appendage     Tmut           44%        N/A       2%          1
b - Wereblood             Tmut           22%        N/A       3%          2
c - Spider Form           Tmut/Pois      12%        N/A       16%         3

Your spell library contained the following spells:

 Spells                   Type           Power      Damage    Failure   Level
 Static Discharge         Conj/Air       2%         3-4/arc   21%         2
 Sublimation of Blood     Necr           2%         N/A       21%         2
 Gell's Gravitas          Tloc           2%         N/A       36%         3
 Lesser Beckoning         Tloc           2%         N/A       36%         3
 Teleport Other           Tloc           2%         N/A       36%         3
 Ice Form                 Ice/Tmut       12%        N/A       45%         4
 Fireball                 Conj/Fire      1%         3d3       98%         5
 Iskenderun's Battlesphe  Conj           2%         2d6       98%         5
 Lightning Bolt           Conj/Air       1%         1d12      98%         5
 Conjure Ball Lightning   Conj/Air       1%         3x3d6     100%        6
 Orb of Destruction       Conj           1%         9d5       100%        7
 Summon Hydra             Summ           1%         N/A       100%        7
 Maxwell's Capacitive Co  Air            1%         ∞         100%        8


Dungeon Overview and Level Annotations

Branches:
Dungeon (4/15)
 Temple: D:4-7

Annotations:
D:3 2 transporters, Kazon's ghost, weakling HOFi
D:4 Edmund


Innate Abilities, Weirdness & Mutations

You have an increased reservoir of magic. (+10% MP)
You shall have no god before yourself.
Your divine heritage dramatically boosts your attributes as you level up.


Message History

You barely miss Edmund. Your headbutt misses Edmund.
Edmund is moderately wounded.
Edmund hits you with a +2 flail of distortion!
You are cast into the Abyss!
This branch contains the abyssal rune of Zot.
Found a gateway leading deeper into the Abyss.
Your transformation is almost over.
You enter the shallow water.
Moving in this stuff is going to be slow.
Why would you want to do that? Why would you want to do that?
Your horns disappear.
Your talons disappear.
Your +2 helmet unmelds from your body.
Your +2 pair of boots unmelds from your body.
A thrashing horror comes into view.
The thrashing horror moves out of view.
The thrashing horror tramples you but does no damage. x2
An ufetubus comes into view.
The thrashing horror tramples you.
You hold your ground!
The thrashing horror tramples you but does no damage.
The thrashing horror attacks as you move away!
The thrashing horror barely misses you. x2
The ufetubus shouts!
The thrashing horror tramples you.
You stumble backwards!
The thrashing horror tramples you!
* * * LOW HITPOINT WARNING * * *
You hold your ground!
The thrashing horror tramples you but does no damage.
The thrashing horror tramples you.
* * * LOW HITPOINT WARNING * * *
You hold your ground!
The thrashing horror closely misses you.
The thrashing horror attacks as you move away!
The thrashing horror tramples you but does no damage.
The thrashing horror tramples you.
* * * LOW HITPOINT WARNING * * *
The thrashing horror tramples you but does no damage.
The thrashing horror completely misses you.
The ufetubus hits you.
You die...

.### ##.
....##.#
#.#.#..#
##. #...##
#.#..##....
#.......#.#
.#...#
§#5#.##
#§@#.#
###X.# ####


You could see a thrashing horror and an ufetubus.

Vanquished Creatures
  An ogre (D:3)
  A scorpion (D:4)
  An orc priest (D:3)
  2 orc wizards (D:3)
  4 adders
  2 dart slugs
  4 orcs
  4 endoplasms
  6 giant cockroaches
  4 goblins
  3 hobgoblins (D:2)
  6 jackals
  2 kobolds (D:1)
  A quokka (D:2)
  6 ball pythons
  7 bats
  4 frilled lizards
  8 rats
66 creatures vanquished.

Vanquished Creatures (others)
  42 plants (D:3)
42 creatures vanquished.

Grand Total: 108 creatures vanquished

Notes
Turn   | Place    | Note
-------+----------+-------------------------------------------
     0 | D:1      | nicolae the Demigod Transmuter began the quest for the Orb.
     0 | D:1      | Reached XP level 1. HP: 15/15 MP: 5/5
   248 | D:1      | Reached XP level 2. HP: 15/22 MP: 5/7
   506 | D:1      | Learned a level 2 spell: Wereblood
  1738 | D:2      | Reached XP level 3. HP: 26/27 MP: 6/8
  2633 | D:2      | Identified the +2 robe "Xypt" {Int+4 Slay+3}
  3413 | D:3      | Noticed an ogre
  3676 | D:3      | Reached XP level 4. HP: 27/34 MP: 9/9
  3936 | D:3      | Killed an ogre
  3937 | D:3      | Reached XP level 5. HP: 15/39 MP: 8/10
  4367 | D:3      | Found a transporter.
  4745 | D:3      | Found a transporter.
  4819 | D:3      | Noticed Kazon's ghost (weakling HOFi)
  5134 | D:4      | Learned a level 3 spell: Spider Form
  5173 | D:4      | Reached XP level 6. HP: 40/46 MP: 9/11
  5188 | D:4      | Noticed Edmund
  5283 | Abyss:1  | Cast into level 1 of the Abyss (Edmund)
  5333 | Abyss:1  | Noticed a thrashing horror
  5339 | Abyss:1  | HP: 2/46 [thrashing horror (6)]
  5340 | Abyss:1  | Slain by an ufetubus

Illustrated notes

Levels and vault maps discovered:
D:1:      dpeg_arrival_prison, layout_loops_cross,
          dreamdust_ecumenical_altar_statues, chequers_serial_rivers_micro_c,
          minmay_misc_feat_encased, minmay_tetromino_i4
D:2:      layout_loops_corners, serial_aquarium, aquarium_bridge_long_joined
          [aquarium_subvault_balcony, aquarium_subvault_bridge,
          aquarium_subvault_balcony, aquarium_subvault_wall,
          aquarium_subvault_window, aquarium_subvault_wall],
          aquarium_bridge_square [aquarium_subvault_wall,
          aquarium_subvault_balcony, aquarium_subvault_wall,
          aquarium_subvault_bridge], aquarium_window_1, aquarium_window_corner,
          aquarium_window_1, aquarium_view_2d, aquarium_balcony_double_4,
          aquarium_pool_five, lemuel_old_faithful
D:3:      wander_river, layout_loops_ring, gammafunk_ghost_gnarly_gnolls,
          serial_bayou_lake_a
D:4:      layout_loops_corners, marbit_many_paths, nicolae_wu_jian_wuxing_cycle,
          uniq_ijyb, uniq_edmund
Abyss:1:  base: D:4, hangedman_steaming_rock

Skill      XL: |  1  2  3  4  5 |
---------------+----------------+-----
Transmutations | 2 3 4 |  4.4
Unarmed Combat | 3 4 |  4.9
Fighting       | |  0.8
Dodging        | |  1.7
Spellcasting   | |  1.7
Poison Magic   | |  0.1

Action                   |  1- 3 |  4- 6 || total
-------------------------+-------+-------++-------
Melee: Unarmed           |   143 |    79 ||   222
       Kick              |    29 |    10 ||    39
       Headbutt          |    18 |    13 ||    31
       Punch             |     4 |     2 ||     6
Throw: Dart              |       |     4 ||     4
       Javelin           |       |     1 ||     1
 Cast: Beastly Appendage |    34 |    11 ||    45
       Wereblood         |     1 |       ||     1
  Use: Potion            |     2 |       ||     2
       Scroll            |     1 |       ||     1
 Stab: Sleeping          |     1 |       ||     1
Armor: Robe              |    25 |    15 ||    40
Dodge: Dodged            |    92 |    47 ||   139

Table legend: (Time is in decaauts)
 A = Elapsed time spent in this place.
 B = Non-inter-level travel time spent in this place.
 C = Inter-level travel time spent in this place.
 D = Time resting spent in this place.
 E = Time spent auto-exploring this place.
 F = Levels seen in this place.
 G = Mean time per level.
                   A        B        C        D        E       F      G
               +--------+--------+--------+--------+--------+-----+--------+
         Total |   5381 |   5291 |     90 |   1626 |   2870 |   5 | 1076.2 |
       Dungeon |   5323 |   5233 |     90 |   1626 |   2870 |   4 | 1330.8 |
         Abyss |     57 |     57 |      0 |      0 |      0 |   1 |   57.0 |
               +--------+--------+--------+--------+--------+-----+--------+

Top non-repeatable levels by time:
     D:3: 1989 daAuts
     D:2: 1639 daAuts
     D:1: 1330 daAuts
     D:4: 363 daAuts
 Abyss:1: 57 daAuts
